AoeStats
← zkm

Arena

506153679Analyzed
1v1 RM · 19d ago on Sep 12, 2026· 48m 38s· 2 players
Game mode
Random Map
Map size
Tiny (2 player)
Population
200
Speed
Normal
Resources
Standard
Victory
Conquest
Starting age
Dark Age
Ending age
Imperial Age
RankedLock teamsTeams togetherTeam positionsShared explorationLock speedFull tech treeHidden civsTurbo modeCheats
Victory
Defeat
🇷🇺 Dravidians · Russia
398
+14
🇨🇿 Saracens · Czechia
361
-14
EL-Majdoub
17:03 Feudal Age
19:27 Wheelbarrow
18:44 Double-Bit Axe
18:40 Horse Collar
18:54 Gold Mining
23:28 Castle Age
21:53 Stone Mining
26:43 Forging
26:38 Scale Barding Armor
26:34 Scale Mail Armor
28:49 Heavy Plow
29:39 Fortified Wall
32:10 Gold Shaft Mining
35:58 Imperial Age
35:54 Iron Casting
35:15 Fletching
37:13 Heavy Camel Rider
39:06 Elite Skirmisher
43:12 Murder Holes
43:33 Treadmill Crane
zkm
9:43 Loom
12:42 Feudal Age
14:40 Wheelbarrow
14:02 Double-Bit Axe
14:29 Horse Collar
16:38 Gold Mining
22:42 Castle Age
21:21 Fletching
23:34 Thumb Ring
24:19 Bodkin Arrow
24:29 Heavy Plow
25:12 Padded Archer Armor
27:06 Murder Holes
28:34 Bow Saw
28:16 Stone Mining
28:57 Ballistics
33:43 Imperial Age
32:09 Masonry
33:35 Scale Barding Armor
35:15 Conscription
36:20 Two-Man Saw
36:13 Hand Cart
35:45 Town Watch
36:55 Husbandry
36:18 Elite Skirmisher
37:50 Bracer
38:05 Leather Archer Armor
42:31 Chemistry
41:18 Arrowslits
45:55 Squires
45:41 Gambesons
45:43 Arson
46:12 Forging
46:34 Ring Archer Armor
Connection lost

Rejoining the realm…

Still unreachable

The connection could not be restored.

Session expired

The server has moved on; the page needs a fresh start.